 Dungeon Crawl Stone Soup version 0.30-a0-313-gae38170b09 (webtiles) character file.

Game seed: 4672600473743070434

37 jlumianski the Trooper (level 3, -3/24 HPs)
             Began as a Gargoyle Fighter on Oct 26, 2022.
             Slain by an ogre
             ... wielding a +0 giant club
              (16 damage)
             ... on level 2 of the Dungeon.
             The game lasted 00:04:08 (793 turns).

jlumianski the Trooper (Gargoyle Fighter)            Turns: 793, Time: 00:04:08

Health: -3/24      AC: 10    Str: 21    XL:     3   Next: 41%
Magic:  3/3        EV:  9    Int:  8    God:
Gold:   84         SH:  4    Dex:  9    Spells: 2/2 levels left

rFire   . . .      SeeInvis .    a - +0 war axe
rCold   . . .      Faith    .    c - +0 buckler
rNeg    + . .      Spirit   .    b - +0 scale mail
rPois   ∞          Reflect  .    (no helmet)
rElec   +          Harm     .    (no cloak)
rCorr   .          Rampage  .    (no gloves)
Will    +....                    (no boots)
Stlth   ..........               (no amulet)
HPRegen 0.24/turn                g - ring of willpower
MPRegen 0.08/turn                (no ring)

@: no status effects
A: sickness immunity, AC +3, negative energy resistance 1, electricity
resistance, torment resistance 1, petrification resistance
a: no special abilities


You were on level 2 of the Dungeon.
You visited 1 branch of the dungeon, and saw 2 of its levels.

You collected 84 gold pieces.

Inventory:

Hand Weapons
 a - a +0 war axe (weapon)
 h - a +2 whip of venom
Missiles
 i - a poisoned dart (quivered)
Armour
 b - a +0 scale mail (worn)
 c - a +0 buckler (worn)
Magical Staves
 k - a staff of death
Jewellery
 g - a ring of willpower (left hand)
Scrolls
 e - a scroll of enchant armour {unknown}
 j - a scroll of identify {unknown}
Potions
 d - a potion of might
 f - a potion of lignification


   Skills:
 + Level 3.7 Fighting
 + Level 2.5 Axes
 + Level 3.4 Armour
 + Level 0.2 Dodging
 + Level 3.5 Shields


You had 2 spell levels left.
You didn't know any spells.
Your spell library contained the following spells:

 Spells                   Type           Power      Damage    Failure   Level
 Ignite Poison            Fire/Tmut/Pois 0%         N/A       99%         3
 Kindle Blastsparks       Fire/Tloc/Air  0%         2d10      99%         3
 Freezing Cloud           Conj/Ice/Air   0%         6-21      100%        5


Dungeon Overview and Level Annotations

Branches:
Dungeon (2/15)

Altars:

Shops:
D:1 =


Innate Abilities, Weirdness & Mutations

You are immune to sickness and miasma.
Your stone body is resilient. (AC +3)
You are immune to poison.
You resist negative energy. (rN+)
You are resistant to electric shocks. (rElec)
You are resistant to unholy torment.
You are immune to petrification.


Message History

You hit the dart slug but do no damage.
The dart slug is moderately wounded.
The dart slug closely misses you.
You slash the dart slug!
You kill the dart slug!
You see here a rat corpse.
You enter the shallow water.
Moving in this stuff is going to be slow.
A rat comes into view.
Found 10 gold pieces.
The rat barely misses you.
You closely miss the rat. The rat bites you.
You slash the rat!
You kill the rat!
You now have 74 gold pieces (gained 9).
You now have 84 gold pieces (gained 10).
Partly explored, can't reach some items.
(D) Dungeon
Where to? (? - help)
What level of the Dungeon? (default 1, ? - help)
There is a stone staircase leading down here.
You climb downwards.
The ogre shouts!
You hear a shout!
The ogre completely misses you.
There is a stone staircase leading up here.
An ogre is nearby!
You barely miss the ogre. You block the ogre's attack.
You hit the ogre.
The ogre is lightly wounded.
The ogre hits you with a +0 giant club!
Ouch! That really hurt!
Throw: 2 darts (poison)
Press: ? - help, Q - select action Shift-Dir - straight line, f - ogre
Aim: an ogre, wielding a +0 giant club (lightly wounded, 71% to hit)
You throw a poisoned dart. The poisoned dart hits the ogre.
The ogre is lightly wounded.
The ogre attacks as you move away! The ogre barely misses you.
The ogre attacks as you move away! The ogre hits you with a +0 giant club!
Ouch! That really hurt!
You die...

........... #.......... ..
.. #.........# .##. ..##
...#.....# ##... ....
#.#.....# ##..# #..##
#<...# #####..#
#....##....# ##......##
.#.......##.###........##
.......#..@O...(....<...#
##.#...................###
#( #.)....................
#...............>.>.###
#...................#
##.÷...............##
#..................#
##.................#
........[.........#


You could see an ogre.

Vanquished Creatures
  A gnoll (D:1)
  A dart slug (D:1)
  An endoplasm (D:1)
  5 goblins
  4 hobgoblins
  4 kobolds (D:1)
  A ball python (D:1)
  3 bats
  A frilled lizard (D:1)
  4 rats (D:1)
25 creatures vanquished.

Vanquished Creatures (others)
  3 plants (D:1)
3 creatures vanquished.

Grand Total: 28 creatures vanquished

Notes
Turn   | Place    | Note
-------+----------+-------------------------------------------
     0 | D:1      | jlumianski the Gargoyle Fighter began the quest for the
                  | Orb.
     0 | D:1      | Reached XP level 1. HP: 14/14 MP: 1/1
    88 | D:2      | Noticed an ogre
   103 | D:1      | Reached XP level 2. HP: 19/19 MP: 2/2
   164 | D:1      | Found Jateulom's Jewellery Shoppe.
   252 | D:1      | Reached XP level 3. HP: 12/24 MP: 3/3
   793 | D:2      | Slain by an ogre

Illustrated notes

Levels and vault maps discovered:
D:1:      psy_arrival_whirlpool, layout_rooms, serial_shops, shop,
          corexii_item_surrounded_by_moat, serial_bayou_lake_a
D:2:      layout_rooms

Skill      XL: |  1  2 |
---------------+-------+-----
Axes           | 2 |  2.5
Fighting       | |  3.7
Armour         | |  3.4
Dodging        | |  0.2
Shields        | |  3.5

Action                   || total
-------------------------++-------
Melee: War axe           ||    69
Throw: Dart              ||     1
  Use: Potion            ||     1
Armor: Scale mail        ||    43
Dodge: Dodged            ||    37
Block: Buckler           ||     9

Table legend: (Time is in decaauts)
 A = Elapsed time spent in this place.
 B = Non-inter-level travel time spent in this place.
 C = Inter-level travel time spent in this place.
 D = Time resting spent in this place.
 E = Time spent auto-exploring this place.
 F = Levels seen in this place.
 G = Mean time per level.
                   A        B        C        D        E       F      G
               +--------+--------+--------+--------+--------+-----+--------+
         Total |    892 |    864 |     28 |     46 |    371 |   2 |  446.0 |
       Dungeon |    892 |    864 |     28 |     46 |    371 |   2 |  446.0 |
               +--------+--------+--------+--------+--------+-----+--------+

Top non-repeatable levels by time:
     D:1: 829 daAuts
     D:2: 63 daAuts
